 Dungeon Crawl Stone Soup version 0.29.1-15-g9cfb28693d (webtiles) character file.

Game seed: 17537894578244079018

16482 Garmo the Grappler (level 12, -10/124 HPs)
             Began as a Troll Berserker on Mar 24, 2023.
             Was a High Priest of Trog.
             Mangled by an orc knight
             ... wielding a +2 long sword of electrocution
              (28 damage)
             ... on level 1 of the Orcish Mines on Mar 25, 2023.
             The game lasted 00:37:24 (9528 turns).

Garmo the Grappler (Troll Berserker)                Turns: 9528, Time: 00:37:25

Health: -10/124    AC:  7    Str: 28    XL:     12   Next: 10%
Magic:  11/11      EV: 10    Int:  7    God:    Trog [*****.]
Gold:   717        SH:  0    Dex:  9    Spells: 11/11 levels left

rFire   . . .      SeeInvis .     - Unarmed
rCold   . . .      Faith    .   (no shield)
rNeg    . . .      Spirit   .   L - +0 steam dragon scales
rPois   +          Reflect  .   (helmet restricted)
rElec   .          Harm     .   (no cloak)
rCorr   .          Rampage  .   (gloves unavailable)
Will    +....                   (boots unavailable)
Stlth   +.........              e - amulet of regeneration
HPRegen 1.90/turn               B - ring of willpower
MPRegen 0.12/turn               A - ring of poison resistance

@: no status effects
A: large, unfitting armour, claws 3, regeneration 1, shaggy fur 1, tough skin 1
a: Renounce Religion, Berserk, Trog's Hand, Brothers in Arms


You were on level 1 of the Orcish Mines.
You worshipped Trog.
Trog was extremely pleased with you.
You visited 2 branches of the dungeon, and saw 13 of its levels.

You collected 717 gold pieces.

Inventory:

Missiles
 h - a silver boomerang
 l - 127 stones (quivered)
 m - 2 atropa-tipped darts
 y - 15 poisoned darts
 G - 5 boomerangs
 J - 7 javelins
 Q - 4 large rocks
 R - a curare-tipped dart {!f}
Armour
 D - a +0 kite shield
   (You found it on level 6 of the Dungeon)
 L - +0 steam dragon scales (worn)
   (You found it on level 7 of the Dungeon)
Jewellery
 e - an amulet of regeneration (around neck)
   (You found it on level 3 of the Dungeon)
 i - a ring of protection from fire
   (You found it on level 7 of the Dungeon)
 j - a ring of resist corrosion
   (You found it on level 2 of the Dungeon)
 A - a ring of poison resistance (right claw)
   (You found it on level 5 of the Dungeon)
 B - a ring of willpower (left claw)
   (You found it on level 6 of the Dungeon)
 O - a ring of positive energy
   (You found it on level 11 of the Dungeon)
Wands
 w - a wand of mindburst (10)
   (You found it on level 4 of the Dungeon)
 x - a wand of acid (5)
   (You found it on level 5 of the Dungeon)
 C - a wand of polymorph (8)
   (You took it off Duvessa on level 6 of the Dungeon)
 E - a wand of roots (7)
   (You found it on level 6 of the Dungeon)
Scrolls
 a - a scroll of acquirement {unknown}
 b - 5 scrolls of teleportation {@r4}
 d - a scroll of enchant weapon {unknown}
 f - 2 scrolls of brand weapon {unknown}
 k - 2 scrolls of vulnerability {unknown}
 o - 4 scrolls of fog {unknown}
 p - 2 scrolls of noise {unknown}
 q - 3 scrolls of amnesia {unknown}
 r - a scroll of magic mapping {unknown}
 u - 4 scrolls of enchant armour {unknown}
 F - a scroll of immolation {unknown}
 I - 3 scrolls of blinking {unknown}
 K - a scroll of summoning {unknown}
 P - 2 scrolls of poison {unknown}
Potions
 c - 7 potions of ambrosia
 g - 2 potions of heal wounds {unknown}
 n - 2 potions of curing {@q1}
 s - a potion of haste {@q3}
 t - 2 potions of lignification {!q}
 v - 2 potions of flight
 z - 2 potions of magic {unknown}
 H - a potion of cancellation {unknown}
 N - a potion of mutation {unknown}
Miscellaneous
 M - a phantom mirror
   (You found it on level 10 of the Dungeon)


   Skills:
 + Level 9.5 Fighting
 + Level 6.3 Throwing
 - Level 2.4 Dodging
 * Level 9.2 Shields
 - Level 12.0 Unarmed Combat


You had 11 spell levels left.
You didn't know any spells.
Your spell library was empty.

Dungeon Overview and Level Annotations

Branches:
Dungeon (11/15) Zot: 26384  Temple (0/1) D:5            Lair (0/5) D:8
    Orc (2/2) D:9 Zot: 11716     Elf (0/3) Orc:2

Altars:
Dithmenos
Elyvilon
Hepliaklqana
Kikubaaqudgha
Makhleb
Qazlal
Ru
Sif Muna
Uskayaw
Vehumet
Zin
The Shining One

Shops:
D:5 [   D:7 *   D:11 *

Annotations:
D:8 1 runed translucent door, vampirul's ghost, novice GnTm
Orc:1 2 transporters, vampirul's ghost, journeyman DsAE


Innate Abilities, Weirdness & Mutations

You are too large for most types of armour.
You have claws for hands.
Your natural rate of healing is unusually fast.
You are covered in fur. (AC +1)
You have tough skin. (AC +1)


Message History

The orc wizard flickers and vanishes!
Deactivating autopickup; reactivate with Ctrl-A.
The orc warrior unwields a +0 trident.
The orc warrior wields a +0 vorpal arbalest.
The orc warrior shoots a bolt.
The bolt hits you!
The orc knight roars a battlecry!
The orcs go into a battle-frenzy!
You climb upwards.
Level annotation: 2 transporters, vampirul's ghost, journeyman DsAE Reactivating autopickup.
There is a stone staircase leading down here.
You start resting.
Unknown command.
Okay, then.
Okay, then.
You climb downwards.
The orc barely misses you. The orc warrior barely misses you.
The troll bites you! The troll misses you. The troll closely misses you.
The orc knight hits you with a +2 long sword of electrocution!!
There is a stone staircase leading up, spattered with blood here.
The orc hits you with a +0 club. The orc warrior completely misses you.
The troll bites you! The troll closely misses you. The troll claws you.
The orc knight hits you with a +2 long sword of electrocution.
You are electrocuted!
* * * LOW HITPOINT WARNING * * *
The orc warrior barely misses you.
The orc warrior shoots a bolt.
The bolt hits you!
* * * LOW HITPOINT WARNING * * *
* * * LOW HITPOINT WARNING * * *
You climb upwards.
Level annotation: 2 transporters, vampirul's ghost, journeyman DsAE
There is a stone staircase leading down here.
Okay, then.
The orc warrior attacks as you move away!
The orc warrior barely misses you. The orc knight completely misses you.
The orc warrior hits you with a +0 battleaxe!!
* * * LOW HITPOINT WARNING * * *
The orc closely misses you. The orc attacks as you move away!
The orc hits you with a +0 club.
* * * LOW HITPOINT WARNING * * *
The orc warrior attacks as you move away!
The orc warrior hits you with a +0 mace.
* * * LOW HITPOINT WARNING * * *
The orc warrior attacks as you move away!
The orc warrior hits you with a +0 battleaxe!
* * * LOW HITPOINT WARNING * * *
The orc warrior attacks as you move away!
The orc warrior barely misses you.
The orc knight hits you with a +2 long sword of electrocution!!
You die...

#...#...#
#####.##...###
##.###.#......##
#...#.....#....#
##.............##
#..........#...##
##..............####
##.........#.......##
#..........@#.......#
##..#.....o#o......##
#................##
##.......o.o....##
#..........#.....##
##..#.......>.....#
####..............#
##.................##
#...................#


You could see an orc knight, 2 orc warriors and an orc.

Vanquished Creatures
  A centaur warrior (D:10)
  A two-headed ogre (D:10)
  A sixfirhy (D:9)
  Pikel (D:6)
  An orc knight (Orc:1)
  An orc sorcerer (Orc:1)
  A cyclops (D:11)
  A smoke demon (D:9)
  An orange demon (D:9)
  An unseen horror (D:11)
  A red devil (D:9)
  A queen bee (D:10)
  Sigmund (D:2)
  A ynoxinul (D:9)
  A shadow (D:10)
  A wyvern (D:10)
  18 yaks
  A chaos spawn (D:9)
  5 steam dragons
  3 vampire mosquitoes (D:10)
  4 wargs (Orc:1)
  Menkaure (D:6)
  An acid dragon (D:11)
  A water moccasin (D:7)
  Duvessa (D:6)
  9 orc warriors
  3 ice beasts
  A sky beast (D:6)
  A black bear (D:6)
  4 ogres
  2 centaurs
  3 kobold brigands (D:11)
  3 phantoms
  4 bullfrogs
  3 scorpions
  2 necrophages
  A gnoll sergeant (D:7)
  17 wights
  Dowan (D:6)
  24 killer bees (D:10)
  2 howler monkeys
  A quasit (D:9)
  A gnoll bouda (D:7)
  8 orc priests
  6 hounds
  4 jellies
  3 iguanas (D:5)
  Terence (D:2)
  7 orc wizards
  7 gnolls (D:7)
  7 adders
  A shadow imp (D:5)
  4 white imps
  2 ufetubi
  A worm (D:2)
  3 dart slugs
  30 orcs
  3 ball pythons
  3 bats
  2 endoplasms
  5 giant cockroaches
  6 goblins
  7 hobgoblins
  10 jackals
  3 quokkas
  16 kobolds
  6 rats
278 creatures vanquished.

Vanquished Creatures (collateral kills)
  A hydra (D:11)
  2 kobolds (D:11)
3 creatures vanquished.

Vanquished Creatures (others)
  2 demonic plants (D:9)
  A plant (D:2)
  2 withered plants (D:8)
5 creatures vanquished.

Grand Total: 286 creatures vanquished

Notes
Turn   | Place    | Note
-------+----------+-------------------------------------------
     0 | D:1      | Garmo the Troll Berserker began the quest for the Orb.
     0 | D:1      | Reached XP level 1. HP: 22/22 MP: 0/0
   166 | D:1      | Reached XP level 2. HP: 29/29 MP: 1/1
   484 | D:1      | You fall into a shaft and drop 1 floor!
   486 | D:2      | Noticed Sigmund
   520 | D:2      | Noticed Terence
   526 | D:2      | Killed Terence
   527 | D:2      | Reached skill level 4 in Unarmed Combat
   527 | D:2      | Reached XP level 3. HP: 36/36 MP: 2/2
   589 | D:1      | Found a faded altar of an unknown god.
   589 | D:1      | Noticed a hellion
  1112 | D:2      | Reached ** piety under Trog
  1594 | D:2      | Reached XP level 4. HP: 45/45 MP: 3/3
  1624 | D:2      | Killed Sigmund
  1625 | D:2      | Reached skill level 5 in Unarmed Combat
  1625 | D:2      | Reached XP level 5. HP: 51/53 MP: 4/4
  2050 | D:3      | Reached XP level 6. HP: 62/62 MP: 5/5
  2128 | D:3      | Reached skill level 6 in Unarmed Combat
  2153 | D:3      | Found a shimmering blue altar of Sif Muna.
  2606 | D:4      | Found a burning altar of Makhleb.
  2643 | D:4      | Reached *** piety under Trog
  2746 | D:4      | Found an ancient bone altar of Kikubaaqudgha.
  2769 | D:4      | Reached XP level 7. HP: 70/70 MP: 6/6
  2950 | D:4      | Found a stormy altar of Qazlal.
  3075 | D:5      | Entered Level 5 of the Dungeon
  3080 | D:5      | Reached skill level 7 in Unarmed Combat
  3112 | D:5      | Found Jemisteg's Armour Emporium.
  3207 | D:5      | Found a staircase to the Ecumenical Temple.
  3426 | D:6      | Noticed Duvessa
  3426 | D:6      | Noticed Dowan
  3440 | D:6      | Killed Dowan
  3446 | D:6      | Killed Duvessa
  3447 | D:6      | Reached skill level 5 in Fighting
  3447 | D:6      | Reached skill level 8 in Unarmed Combat
  3510 | D:6      | Reached XP level 8. HP: 79/80 MP: 7/7
  3525 | D:6      | Noticed Menkaure
  3531 | D:6      | Killed Menkaure
  3589 | D:6      | Noticed Pikel
  3603 | D:6      | Killed Pikel
  3604 | D:6      | Reached skill level 9 in Unarmed Combat
  3655 | D:5      | Reached skill level 10 in Unarmed Combat
  3663 | D:5      | Reached XP level 9. HP: 89/89 MP: 8/8
  3690 | D:5      | Reached **** piety under Trog
  4292 | D:6      | Found a shadowy altar of Dithmenos.
  4354 | D:6      | Found a hide-covered altar of Uskayaw.
  4652 | D:6      | Reached skill level 11 in Unarmed Combat
  4684 | D:6      | Found a radiant altar of Vehumet.
  4919 | D:7      | Found a glowing golden altar of the Shining One.
  4957 | D:7      | Found Xenirgh's Mayhem Merchandise.
  5052 | D:7      | Found a glowing silver altar of Zin.
  5064 | D:7      | Found a white marble altar of Elyvilon.
  5306 | D:7      | Reached skill level 12 in Unarmed Combat
  5467 | D:7      | Reached skill level 1 in Shields
  5467 | D:7      | Reached XP level 10. HP: 50/91 MP: 9/9
  5517 | D:7      | Reached skill level 1 in Throwing
  5765 | D:7      | Found a burning altar of Makhleb.
  5954 | D:8      | Found a hazy altar of Hepliaklqana.
  5994 | D:8      | Noticed a death yak
  5994 | D:8      | Noticed a death yak
  6256 | D:8      | Found a runed translucent door.
  6256 | D:8      | Noticed vampirul's ghost (novice GnTm)
  6312 | D:8      | Noticed a death yak
  6403 | D:8      | Found a staircase to the Lair.
  6403 | D:8      | Noticed a death yak
  6786 | D:9      | Found a sacrificial altar of Ru.
  6818 | D:9      | Noticed an orange demon
  6820 | D:9      | Noticed a smoke demon
  6865 | D:9      | Killed an orange demon
  6870 | D:9      | Killed a smoke demon
  6981 | D:9      | Noticed a sixfirhy
  6991 | D:9      | Killed a sixfirhy
  6992 | D:9      | Reached skill level 5 in Shields
  7079 | D:9      | Reached ***** piety under Trog
  7093 | D:9      | Found a staircase to the Orcish Mines.
  7297 | D:10     | Entered Level 10 of the Dungeon
  7369 | D:10     | Reached XP level 11. HP: 52/113 MP: 10/10
  7725 | D:10     | Noticed a two-headed ogre
  7733 | D:10     | Killed a two-headed ogre
  7758 | D:10     | Noticed a centaur warrior
  7769 | D:10     | Killed a centaur warrior
  7770 | D:10     | Reached skill level 5 in Throwing
  8782 | D:11     | Noticed a four-headed hydra
  8786 | D:11     | Killed a four-headed hydra
  8789 | D:11     | Found Zin's Purification Station.
  8792 | D:11     | Found a glowing silver altar of Zin.
  8801 | D:11     | Received a gift from Trog
  9206 | Orc:1    | Entered Level 1 of the Orcish Mines
  9206 | Orc:1    | Noticed an orc sorcerer
  9230 | Orc:1    | Killed an orc sorcerer
  9243 | Orc:1    | Found a transporter.
  9244 | Orc:1    | Noticed vampirul's ghost (journeyman DsAE)
  9245 | Orc:1    | Found a transporter.
  9299 | Orc:1    | Reached XP level 12. HP: 111/124 MP: 11/11
  9507 | Orc:2    | Entered Level 2 of the Orcish Mines
  9507 | Orc:2    | Found a staircase to the Elven Halls.
  9528 | Orc:1    | Mangled by an orc knight

Illustrated notes

Levels and vault maps discovered:
D:1:      giann_bridges, layout_basic, dreamdust_ecumenical_altar_sealed_demon
D:2:      layout_basic, serial_bayou_pond_e, uniq_terence, uniq_sigmund
D:3:      layout_rooms, mainiacjoe_overflow_surrounded_room, serial_bayou,
          serial_bayou_crossing, serial_bayou_pond_c, serial_bayou_pond_a,
          serial_bayou_shore_a
D:4:      layout_basic, kiku_gazebo_pond_becter,
          nicolae_qazlal_eye_of_the_storm, minmay_ruined_shrine
D:5:      kb_forest_paths, layout_cave_pools, minmay_temple_entry_statues,
          serial_shops, nicolae_stop_n_shop_1,
          lightli_ossuary_entry_decrepit_ruins, fountainhead, st_stairs_10,
          minivault_24
D:6:      layout_loops_ring, nicolae_uskayaw_dance_hall,
          nicolae_overflow_hidden_temple, lemuel_tele_altar, uniq_menkaure,
          uniq_duvessa, uniq_pikel
D:7:      layout_gridville, elyvilon_altar_5, kennysheep_mini,
          amcnicky_altar_gilded, marbit_many_paths, minmay_shop_mayhem
D:8:      layout_loops_ring, mainiacjoe_overflow_brackets,
          mainiacjoe_overflow_two_lobes, dpeg_lair_monsters,
          gammafunk_ghost_grave
D:9:      layout_gridville, lemuel_doored_altar, orc_0_dummy, serial_demonic,
          serial_demonic_e, serial_demonic_d, serial_demonic_a, serial_demonic_c
D:10:     layout_long_grid, special_room [special_room_bee]
D:11:     layout_rooms, zin_purify
Orc:1:    layout_caves, gammafunk_ghost_arena
Orc:2:    st_orc_open, layout_diamond_mine, serial_shops,
          nicolae_shop_advertising_works [nicolae_subvault_shop_adworks],
          uniq_josephine

Skill      XL: |  1  2  3  4  5  6  7  8  9 10 11 12 |
---------------+-------------------------------------+-----
Unarmed Combat | 4 5 6 8 10 12 | 12.0
Fighting       | 3 4 5 6 7 8 9 |  9.5
Shields        | 1 5 8 9 |  9.2
Throwing       | 4 6 |  6.3
Dodging        | |  2.4

Action                   |  1- 3 |  4- 6 |  7- 9 | 10-12 || total
-------------------------+-------+-------+-------+-------++-------
Melee: Unarmed           |    73 |   100 |   230 |   422 ||   825
       Punch             |       |     2 |    11 |    27 ||    40
Throw: Dart              |       |       |       |     5 ||     5
       Stone             |       |       |       |     2 ||     2
Invok: Trog's Hand       |       |     1 |       |     3 ||     4
       Berserk           |       |       |       |     4 ||     4
       Brothers in Arms  |       |       |       |     2 ||     2
  Use: Scroll            |       |       |       |    13 ||    13
       Potion            |       |       |       |     1 ||     1
 Stab: Sleeping          |     2 |       |       |       ||     2
Armor: Animal skin       |    16 |    27 |    43 |       ||    86
       Skin              |       |       |     6 |       ||     6
       Steam dragon scal |       |       |       |   161 ||   161
Dodge: Dodged            |    25 |    51 |   110 |   253 ||   439
